 Dungeon Crawl Stone Soup version 0.31-a0-354-g827e0957a7 (webtiles) character file.

Game seed: 14422374110698261123

1066 MacCMillion the Grappler (level 8, -8/60 HPs)
             Began as a Merfolk Shapeshifter on July 24, 2023.
             Was a Follower of Okawaru.
             Killed from afar by a steam dragon (12 damage)
             ... with a ball of steam
             ... on level 6 of the Dungeon.
             The game lasted 00:07:11 (5899 turns).

MacCMillion the Grappler (Merfolk Shapeshifter)     Turns: 5899, Time: 00:07:11

Health: -8/60      AC: 10    Str: 17    XL:     8   Next: 28%
Magic:  10/10      EV: 26    Int:  7    God:    Okawaru [*.....]
Gold:   252        SH:  0    Dex: 15    Spells: 7/7 levels left

rFire   . .          .
                       - Unarmed
rCold   . . .        (no shield)
rNeg    . . .        q - +0 scale mail
rPois   +            (helmet currently unavailable)
rElec   .            (cloak currently unavailable)
rCorr   .            (gloves currently unavailable)
SInv    .            (boots currently unavailable)
Will    .....        l - amulet of the acrobat Stlth
                     i - ring of poison resistance
HPRegen 0.30/turn    m - +4 ring of protection
MPRegen 0.12/turn

%: acrobat
@: beast-form, acrobatic
A: beast (slay +3), (nimble swimmer 2), mertail
a: Begin Untransformation, Renounce Religion, Heroism


You were on level 6 of the Dungeon.
You worshipped Okawaru.
Okawaru was aware of your devotion.
You were a hulking beast.
You visited 2 branches of the dungeon, and saw 7 of its levels.

You collected 280 gold pieces.
You spent 28 gold pieces at shops.

Inventory:

Armour
 a - a +0 animal skin
 n - a +0 ring mail
 q - a +0 scale mail (worn)
Jewellery
 i - a ring of poison resistance (left hand)
 j - a ring of resist corrosion
 l - an amulet of the acrobat (around neck)
 m - a +4 ring of protection (right hand)
 r - an amulet of faith
 v - a ring of see invisible
Talismans
 c - a beast talisman
 y - a talisman of death
Scrolls
 b - a scroll of acquirement {unknown}
 d - 2 scrolls of noise {unknown}
 e - 3 scrolls of poison
 f - 4 scrolls of teleportation {unknown}
 g - 2 scrolls of immolation {unknown}
 h - 2 scrolls of vulnerability {unknown}
 o - a scroll of fog {unknown}
 p - 9 scrolls of identify
 t - a scroll of enchant weapon {unknown}
 u - 2 scrolls of amnesia {unknown}
 x - a scroll of enchant armour {unknown}
 z - a scroll of revelation {unknown}
Potions
 k - a potion of mutation
 s - a potion of magic
 w - 2 potions of invisibility {unknown}


   Skills:
 + Level 3.6 Fighting
 + Level 5.1 Dodging
 + Level 8.8 Unarmed Combat
 - Level 3.0 Invocations
 - Level 4.3 Shapeshifting


You had 7 spell levels left.
You didn't know any spells.
Your spell library contained the following spells:

 Spells                   Type           Power      Damage    Failure   Level
 Ignite Poison            Fire/Tmut/Pois 0%         N/A       99%         3
 Ozocubu's Armour         Ice            0%         N/A       99%         3
 Sticky Flame             Conj/Fire      0%         2d3       100%        4
 Metabolic Englaciation   Hex/Ice        0%         N/A       100%        5
 Ignition                 Fire           0%         3d3       100%        8
 Simulacrum               Ice/Necr       Unusable   N/A       N/A         6

Dungeon Overview and Level Annotations

Branches:
Dungeon (6/15)             Temple (1/1) D:4

Altars:
Ashenzari
Cheibriados
Dithmenos
Elyvilon
Fedhas
Gozag
Hepliaklqana
Kikubaaqudgha
Makhleb
Nemelex Xobeh
Okawaru
Qazlal
Ru
Sif Muna
Trog
Uskayaw
Vehumet
Wu Jian
Xom
Yredelemnul
Zin
The Shining One

Shops:
D:2 ?

Annotations:
D:3 1 runed translucent door, Crazy Yiuf
D:4 3 runed translucent doors, paps's ghost, amateur OpSh
Temple 2 transporters


Innate Abilities, Weirdness & Mutations

You are a hulking beast.
Your limbs bulge with bestial killing power. (Slay +3)
((You are very nimble when in or above water. (Stealth+, EV+, Speed+++)))
Your lower body shifts to a powerful aquatic tail in water.


Message History

You see here a scroll of identify.
The phantom attacks as you move away! The phantom completely misses you.
An iguana comes into view.
The iguana hisses angrily.
The phantom is engulfed in a cloud of scalding steam.
The phantom is destroyed!
Your Dodging skill increases to level 5!
A scorpion comes into view.
Found a buckler.
A white imp comes into view.
The steam dragon breathes steam at you. The ball of steam hits you!
* * * LOW HITPOINT WARNING * * *
You hear a shout!
Okay, then.
The air fills with toxic fumes!
As you read the scroll labelled DEOCKE XIMIYFO, it crumbles to dust.
It was a scroll of poison.
An ogre comes into view. It is wielding a +0 giant club.
The scorpion attacks as you move away!
The scorpion stings you but does no damage.
The scorpion is engulfed in a cloud of scalding steam.
The ogre moves out of view.
The white imp shouts!
You hear a shout!
The scorpion is engulfed in poison gas.
The scorpion is poisoned.
The scorpion attacks as you move away! The scorpion completely misses you.
The scorpion is engulfed in poison gas.
The scorpion looks even sicker.
You kill the scorpion!
Okawaru accepts your kill.
The steam dragon is engulfed in poison gas.
The steam dragon is poisoned.
Training target 3.0 for Invocations reached!
Your Invocations skill increases to level 3!
The steam dragon is engulfed in poison gas.
The steam dragon looks even sicker.
The white imp gestures at you. The puff of frost misses you.
The steam dragon breathes steam at you. The ball of steam hits you!
You die...

#..§§§[............
#..§§§§....###.....
#.§§§§.l#.# ######
##☼§§D>§#...
##§§§☼.5......
#§§§§§l........
#§§§§§§§....>.5
#§§§§§§§§......
#h§§§§§§§.....
#§☼§§§§§§.....
#§§§☼☼§§§...O
##..........
##.....#.. ######


You could see a steam dragon (very poisoned, catching breath), 2 iguanas and a
white imp.

Vanquished Creatures
  A water moccasin (D:6)
  An ice beast (D:5)
  An orc warrior (D:6)
  A scorpion (D:6)
  A howler monkey (D:4)
  2 hounds (D:4)
  2 jellies
  3 orc priests
  3 iguanas
  6 orc wizards
  4 adders
  7 gnolls
  3 white imps
  An ufetubus (D:5)
  2 dart slugs
  10 orcs
  9 ball pythons
  5 endoplasms
  5 giant cockroaches
  7 goblins
  4 hobgoblins
  8 kobolds
  A quokka (D:4)
  4 bats
  3 frilled lizards
  5 rats
99 creatures vanquished.

Vanquished Creatures (others)
  A phantom (D:6)
1 creature vanquished.

Grand Total: 100 creatures vanquished

Notes
Turn   | Place    | Note
-------+----------+-------------------------------------------
     0 | D:1      | MacCMillion the Merfolk Shapeshifter began the quest for
                  | the Orb.
     0 | D:1      | Reached XP level 1. HP: 15/15 MP: 1/1
   314 | D:1      | Reached XP level 2. HP: 21/21 MP: 2/2
   691 | D:1      | Reached skill level 4 in Unarmed Combat
   821 | D:2      | Reached XP level 3. HP: 24/26 MP: 3/3
  1059 | D:2      | Reached skill level 5 in Unarmed Combat
  1260 | D:2      | Reached XP level 4. HP: 28/32 MP: 4/4
  1350 | D:2      | Found Devyajug's Magic Scroll Shoppe.
  1515 | D:2      | Bought a scroll of identify for 28 gold pieces
  1956 | D:3      | Reached XP level 5. HP: 36/37 MP: 5/5
  1982 | D:3      | Found a runed translucent door.
  1983 | D:3      | Noticed Crazy Yiuf
  2028 | D:3      | Reached skill level 6 in Unarmed Combat
  3050 | D:4      | Found a runed translucent gate.
  3050 | D:4      | Found a runed translucent gate.
  3050 | D:4      | Found a runed translucent gate.
  3060 | D:3      | Reached skill level 7 in Unarmed Combat
  3060 | D:3      | Reached XP level 6. HP: 36/43 MP: 6/6
  3463 | D:4      | Noticed paps's ghost (amateur OpSh)
  3499 | D:4      | Found a staircase to the Ecumenical Temple.
  3709 | Temple   | Found a transporter.
  3709 | Temple   | Found a transporter.
  3709 | Temple   | Found a transporter.
  3709 | Temple   | Found a transporter.
  3709 | Temple   | Entered the Ecumenical Temple
  3725 | Temple   | Became a worshipper of Warmaster Okawaru
  3776 | D:4      | Reached skill level 8 in Unarmed Combat
  3781 | D:4      | Reached XP level 7. HP: 32/48 MP: 7/7
  4474 | D:4      | Found a sparkling altar of Nemelex Xobeh.
  4480 | D:4      | Found a hazy altar of Hepliaklqana.
  4481 | D:4      | Found a snail-covered altar of Cheibriados.
  4482 | D:4      | Found a glowing silver altar of Zin.
  4587 | D:4      | Reached skill level 1 in Invocations
  4726 | D:4      | Found a bloodstained altar of Trog.
  4859 | D:5      | Entered Level 5 of the Dungeon
  5795 | D:6      | Reached * piety under Okawaru
  5807 | D:6      | Reached XP level 8. HP: 47/58 MP: 9/9
  5891 | D:6      | Reached skill level 5 in Dodging
  5892 | D:6      | HP: 2/58 [something/ball of steam (8)]
  5899 | D:6      | Killed from afar by a steam dragon

Illustrated notes

Levels and vault maps discovered:
D:1:      sevenhm_arrival_forest_fort_small_5, layout_loops_ring,
          minmay_crystal_room, chequers_serial_rivers_room_b,
          serial_park_tiny_2, corexii_corridor_pit, grunt_decor_cap,
          kennysheep_decorative_pillar, minmay_pentomino_o4
D:2:      layout_rooms, serial_shops, shop, minmay_tall_x
D:3:      layout_basic, serial_rivers, chequers_serial_rivers_marsh,
          chequers_serial_rivers_room_a, chequers_serial_rivers_micro_a,
          chequers_serial_rivers_small_b, chequers_serial_rivers_micro_b,
          grunt_ministairs_14, uniq_crazy_yiuf_cottage
D:4:      minmay_skewed_foursquare, layout_cave_pools, minitemple,
          kennysheep_mini, temple_fountains, gammafunk_ghost_necromancy
D:5:      layout_loops_corners
D:6:      kennysheep_spiral_hall, layout_rooms, gammafunk_ghost_arena,
          uniq_edmund
Temple:   hellmonk_temple_divided_pantheon

Skill      XL: |  1  2  3  4  5  6  7  8 |
---------------+-------------------------+-----
Unarmed Combat | 4 5 7 8 |  8.8
Dodging        | 3 4 5 |  5.1
Fighting       | 3 |  3.6
Invocations    | 2 3 |  3.0
Shapeshifting  | |  4.3

Action                     |  1- 3 |  4- 6 |  7- 9 || total
---------------------------+-------+-------+-------++-------
  Melee: Unarmed           |    73 |   129 |    91 ||   293
         Punch             |       |     3 |     3 ||     6
    Use: Scroll            |       |     3 |     1 ||     4
         Potion            |       |     2 |       ||     2
   Stab: Sleeping          |     2 |       |       ||     2
 Armour: Animal skin       |    10 |       |       ||    10
         Ring mail         |     7 |       |       ||     7
         Scale mail        |       |    39 |    20 ||    59
         Skin              |       |     2 |       ||     2
  Dodge: Dodged            |    51 |    48 |    46 ||   145

Table legend: (Time is in decaauts)
 A = Elapsed time spent in this place.
 B = Non-inter-level travel time spent in this place.
 C = Inter-level travel time spent in this place.
 D = Time resting spent in this place.
 E = Time spent auto-exploring this place.
 F = Levels seen in this place.
 G = Mean time per level.
                   A        B        C        D        E       F      G
               +--------+--------+--------+--------+--------+-----+--------+
         Total |   5850 |   5629 |    221 |   1219 |   3571 |   7 |  835.7 |
       Dungeon |   5819 |   5607 |    212 |   1219 |   3571 |   6 |  969.8 |
        Temple |     31 |     22 |      9 |      0 |      0 |   1 |   31.0 |
               +--------+--------+--------+--------+--------+-----+--------+

Top non-repeatable levels by time:
     D:3: 1889 daAuts
     D:4: 1026 daAuts
     D:1: 1010 daAuts
     D:5: 925 daAuts
     D:2: 857 daAuts
     D:6: 108 daAuts
  Temple: 31 daAuts
